 Dungeon Crawl Stone Soup version 0.26-a0-490-gf8362a0c98 (webtiles) character file.

Game seed: 7743560132391410402

172 kharz the Sneak (level 5, -4/31 HPs)
             Began as a Vampire Gladiator on Aug 4, 2020.
             Slain by a worker ant (7 damage)
             ... on level 5 of the Dungeon.
             The game lasted 00:10:54 (2423 turns).

kharz the Sneak (Vampire Gladiator)                 Turns: 2423, Time: 00:10:54

Health: -4/31      AC:  6    Str: 13    XL:     5   Next: 27%
Magic:  5/5        EV: 14    Int: 11    God:
Gold:   228        SH:  0    Dex: 16    Spells: 4/4 levels left

rFire    . . .     SeeInvis +   l - +4 dagger
rCold    + + .     Faith    .   (no shield)
rNeg     + + +     Spirit   .   g - +0 robe
rPois    ∞         Reflect  .   c - +0 helmet
rElec    .         Harm     .   (no cloak)
rCorr    .                      (no gloves)
MR       .....                  h - +2 pair of boots
Stlth    +++++.....             (no amulet)
HPRegen  0.00/turn              (no ring)
MPRegen  0.09/turn              (no ring)

@: bloodless
A: fangs 3, see invisible, unbreathing
a: Bat Form, Revivify


You were on level 5 of the Dungeon.
You visited 1 branch of the dungeon, and saw 6 of its levels.

You collected 228 gold pieces.

Inventory:

Hand Weapons
 j - a +0 dagger of electrocution
 l - a +4 dagger (weapon)
Missiles
 d - 3 throwing nets
 n - 6 poisoned darts
 s - 4 boomerangs (quivered)
Armour
 c - a +0 helmet (worn)
 g - a +0 robe (worn)
 h - a +2 pair of boots (worn)
 x - the cursed +0 ring mail of the Falcon {rElec, unknown}
   (You found it on level 4 of the Dungeon)

   It insulates you from electricity.
   It has a curse placed upon it.
 z - a +0 pair of gloves
Jewellery
 q - a cursed ring of teleportation {unknown}
 r - an uncursed amulet of guardian spirit {unknown}
Scrolls
 a - a scroll of enchant weapon {unknown}
 b - 4 scrolls of magic mapping {unknown}
 f - a scroll of teleportation {unknown}
 i - 4 scrolls of identify {unknown}
 k - 2 scrolls of remove curse {unknown}
 m - a scroll of noise {unknown}
 p - a scroll of fear {unknown}
 v - 2 scrolls of amnesia {unknown}
 y - a scroll of enchant armour {unknown}
Potions
 e - 2 potions of curing {unknown}
 o - a potion of brilliance {unknown}
 t - a potion of flight {unknown}
 u - a potion of stabbing {unknown}
 w - 2 potions of haste {unknown}


   Skills:
 + Level 2.5 Fighting
 + Level 4.0 Short Blades
 - Level 1.5 Throwing
 + Level 4.0 Dodging
 + Level 5.6 Stealth


You had 4 spell levels left.
You didn't know any spells.
Your spell library was empty.

Dungeon Overview and Level Annotations

Branches:
Dungeon (6/15)
 Temple: D:4-7

Altars:

Annotations:
D:4 Pikel


Innate Abilities, Weirdness & Mutations

You do not regenerate when monsters are visible.
You are frail without blood (-20% HP).
You can heal yourself when you bite living creatures.
You are immune to poison.
You have razor-sharp teeth.
You have supernaturally acute eyesight. (SInv)
You can survive without breathing.


Message History

The worker ant is moderately wounded.
The worker ant bites you.
* * * LOW HITPOINT WARNING * * *
You hit the worker ant.
The worker ant is moderately wounded.
The worker ant bites you.
* * * LOW HITPOINT WARNING * * *
The worker ant barely misses you.
You climb upwards.
There is a stone staircase leading down here.
Okay, then.
Okay, then.
The worker ant misses you. The worker ant misses you.
The worker ant closely misses you. The worker ant bites you.
* * * LOW HITPOINT WARNING * * *
The worker ant waves its antennae.
The worker ant bites you!
You die...

##########..#
#.......##..#
#####.#####.##..#
#.....#...#.##..#
#.##......#.##..#
####.###.#.###.##..#
.$.#.....#..<#.....#
##.###############.#
...............a@..#
.#.#################
.#.# .#.# .#.# .#.#
.#.# ##+#


You could see a worker ant.

Vanquished Creatures
  An iguana (D:5)
  Natasha (D:2)
  A worker ant (D:6)
  4 adders
  2 oozes
  A worm (D:3)
  An orc (D:4)
  2 giant cockroaches
  5 goblins
  7 hobgoblins
  4 jackals (D:1)
  8 kobolds
  A ball python (D:2)
  5 bats
  3 frilled lizards
  6 rats
52 creatures vanquished.

Notes
Turn   | Place    | Note
-------+----------+-------------------------------------------
     0 | D:1      | kharz the Vampire Gladiator began the quest for the Orb.
     0 | D:1      | Reached XP level 1. HP: 16/16 MP: 1/1
    41 | D:1      | Reached skill level 1 in Stealth
    48 | D:1      | Reached skill level 2 in Stealth
   105 | D:1      | Reached XP level 2. HP: 21/22 MP: 2/2
   108 | D:1      | Reached skill level 3 in Stealth
   250 | D:1      | HP: 1/22 [goblin/+0 dagger of electrocution (18)]
   649 | D:1      | Reached skill level 4 in Stealth
   791 | D:2      | Reached XP level 3. HP: 27/27 MP: 3/3
  1211 | D:2      | Noticed Natasha
  1218 | D:2      | Killed Natasha
  1218 | D:2      | Reached skill level 5 in Stealth
  1218 | D:2      | Reached XP level 4. HP: 33/33 MP: 4/4
  2024 | D:4      | Got an ichor-stained ring mail
  2028 | D:4      | Noticed Pikel
  2028 | D:4      | Noticed a lemure
  2028 | D:4      | Noticed a lemure
  2028 | D:4      | Noticed a lemure
  2136 | D:4      | Noticed a lemure
  2261 | D:5      | Entered Level 5 of the Dungeon
  2311 | D:5      | Reached XP level 5. HP: 31/31 MP: 5/5
  2423 | D:5      | Slain by a worker ant

Illustrated notes

Levels and vault maps discovered:
D:1:      lemuel_arrival_tunnels, layout_basic
D:2:      layout_loops_cross, minmay_misc_feat_more_columns, uniq_natasha
D:3:      layout_basic
D:4:      layout_loops_ring, serial_shops, kennysheep_little_box,
          grunt_ministairs_1, uniq_pikel
D:5:      layout_basic, minmay_temple_entry_overgrown, uniq_grinder
D:6:      layout_rooms, tgw_trog, uniq_blork_the_orc

Skill      XL: |  1  2  3  4  5 |
---------------+----------------+-----
Stealth        | 2 4 5 |  5.6
Fighting       | 2 |  2.5
Short Blades   | 4 |  4.0
Dodging        | 4 |  4.0
Throwing       | |  1.5

Action                   |  1- 3 |  4- 6 || total
-------------------------+-------+-------++-------
Melee: Rapier            |    31 |       ||    31
       Bite              |     9 |     5 ||    14
       Dagger            |    46 |    48 ||    94
Throw: Boomerang         |       |     1 ||     1
 Abil: Exsanguinate      |       |     1 ||     1
 Stab: Sleeping          |    11 |     6 ||    17
Armor: Leather armour    |     6 |       ||     6
       Robe              |    12 |     9 ||    21
Dodge: Dodged            |    28 |    39 ||    67

Table legend: (Time is in decaauts)
 A = Elapsed time spent in this place.
 B = Non-inter-level travel time spent in this place.
 C = Inter-level travel time spent in this place.
 D = Time resting spent in this place.
 E = Time spent auto-exploring this place.
 F = Levels seen in this place.
 G = Mean time per level.
                   A        B        C        D        E       F      G
               +--------+--------+--------+--------+--------+-----+--------+
         Total |   2406 |   2217 |    189 |      0 |   1598 |   6 |  401.0 |
       Dungeon |   2406 |   2217 |    189 |      0 |   1598 |   6 |  401.0 |
               +--------+--------+--------+--------+--------+-----+--------+

Top non-repeatable levels by time:
     D:1: 749 daAuts
     D:2: 605 daAuts
     D:3: 525 daAuts
     D:4: 367 daAuts
     D:5: 134 daAuts
     D:6: 23 daAuts
